[Event "Live Chess"]
[Site "Chess.com"]
[Date "2011.01.29"]
[Round "-"]
[White "Nilesh"]
[Black "hipposcottimus"]
[Result "1-0"]
[CurrentPosition "4rrk1/6pn/8/1pp1B3/p2P4/P1PQ4/5PPP/R3R1K1 b - -"]
[Timezone "UTC"]
[ECO "D43"]
[ECOUrl "https://www.chess.com/openings/Semi-Slav-Defense"]
[UTCDate "2011.01.29"]
[UTCTime "23:42:12"]
[WhiteElo "1775"]
[BlackElo "1615"]
[TimeControl "60"]
[Termination "Nilesh won by resignation"]
[StartTime "23:42:12"]
[EndDate "2011.01.29"]
[EndTime "23:43:42"]
[Link "https://www.chess.com/game/live/92771848"]

1. d4 d5 2. c4 c6 3. Nf3 e6 4. Nc3 Nf6 5. Bf4 Nbd7 6. e3 Bb4 7. Qb3 a5 8. a3 dxc4 9. Bxc4 Bxc3+ 10. bxc3 O-O 11. O-O b5 12. Bd3 a4 13. Qc2 Bb7 14. Ne5 c5 15. Nxd7 Qxd7 16. Be5 Ng4 17. Bxh7+ Kh8 18. Bg3 e5 19. Be4 Bxe4 20. Qxe4 Nf6 21. Qh4+ Nh7 22. Bxe5 f6 23. Bf4 Qf5 24. Rfe1 Qg6 25. e4 Rae8 26. e5 Kg8 27. exf6 Nxf6 28. Be5 Nh7 29. Qg3 Qd3 30. Qxd3 1-0

[Event "Live Chess"]
[Site "Chess.com"]
[Date "2011.01.29"]
[Round "-"]
[White "hipposcottimus"]
[Black "Nilesh"]
[Result "0-1"]
[CurrentPosition "r5k1/p4Rpp/4p3/8/8/6P1/6qr/4QRK1 w - -"]
[Timezone "UTC"]
[ECO "B20"]
[ECOUrl "https://www.chess.com/openings/Sicilian-Defense"]
[UTCDate "2011.01.29"]
[UTCTime "23:40:33"]
[WhiteElo "1620"]
[BlackElo "1770"]
[TimeControl "60"]
[Termination "Nilesh won by checkmate"]
[StartTime "23:40:33"]
[EndDate "2011.01.29"]
[EndTime "23:41:57"]
[Link "https://www.chess.com/game/live/92771416"]

1. e4 c5 2. Bb5 Nc6 3. Bxc6 dxc6 4. c4 Be6 5. d3 Nf6 6. Nc3 Bd7 7. Nf3 e6 8. O-O Be7 9. Be3 O-O 10. d4 cxd4 11. Bxd4 c5 12. e5 cxd4 13. exf6 Bxf6 14. Nxd4 Qc7 15. Nce2 Rfd8 16. Nf3 Bc6 17. Qe1 Bxf3 18. gxf3 Qc6 19. Kh1 Qxf3+ 20. Kg1 Bh4 21. Ng3 Rd4 22. Qb4 Bxg3 23. fxg3 Qe3+ 24. Kh1 Qe4+ 25. Kg1 Rxc4 26. Qe1 Qd4+ 27. Kh1 Qxb2 28. Rb1 Qxa2 29. Rxb7 Rc2 30. Rbxf7 Rxh2+ 31. Kg1 Qg2# 0-1

[Event "Live Chess"]
[Site "Chess.com"]
[Date "2011.01.29"]
[Round "-"]
[White "trakster11"]
[Black "hipposcottimus"]
[Result "0-1"]
[CurrentPosition "6k1/bp2q1pp/p2p2b1/4p3/1P6/K2r1PQ1/P5PP/2R4R w - -"]
[Timezone "UTC"]
[ECO "C47"]
[ECOUrl "https://www.chess.com/openings/Four-Knights-Game-Italian-Variation"]
[UTCDate "2011.01.29"]
[UTCTime "23:38:47"]
[WhiteElo "1467"]
[BlackElo "1625"]
[TimeControl "60"]
[Termination "hipposcottimus won on time"]
[StartTime "23:38:47"]
[EndDate "2011.01.29"]
[EndTime "23:40:18"]
[Link "https://www.chess.com/game/live/92770827"]

1. e4 e5 2. Nf3 Nc6 3. Nc3 Nf6 4. Bc4 Bb4 5. Ng5 O-O 6. Nxf7 Rxf7 7. Bxf7+ Kxf7 8. Nd5 Nxd5 9. exd5 Ne7 10. c3 Ba5 11. b4 Bb6 12. Qb3 d6 13. c4 a6 14. c5 Ba7 15. cxd6 cxd6 16. Qf3+ Kg8 17. d3 Bf5 18. Qg3 Bg6 19. Bg5 Qf8 20. Bxe7 Qxe7 21. f3 Rc8 22. Ke2 Rc2+ 23. Kd1 Rc3 24. Rc1 Rxd3+ 25. Kc2 Rxd5+ 26. Kb2 Rd2+ 27. Ka3 Rd3+ 0-1

[Event "Live Chess"]
[Site "Chess.com"]
[Date "2011.01.29"]
[Round "-"]
[White "kasparovtitan"]
[Black "hipposcottimus"]
[Result "0-1"]
[CurrentPosition "2r3k1/1p3ppp/p7/8/8/3q1bP1/PP3P1P/2K1R3 w - -"]
[Timezone "UTC"]
[ECO "B01"]
[ECOUrl "https://www.chess.com/openings/Scandinavian-Defense-Blackburne-Kloosterboer-Gambit"]
[UTCDate "2011.01.29"]
[UTCTime "23:35:33"]
[WhiteElo "1569"]
[BlackElo "1620"]
[TimeControl "60"]
[Termination "hipposcottimus won by checkmate"]
[StartTime "23:35:33"]
[EndDate "2011.01.29"]
[EndTime "23:37:35"]
[Link "https://www.chess.com/game/live/92770179"]

1. e4 d5 2. exd5 c6 3. Nc3 cxd5 4. Nf3 d4 5. Nb5 a6 6. Nbxd4 Bg4 7. Nf5 Bxf5 8. Nh4 Bd7 9. Nf3 e5 10. Be2 e4 11. Ng1 Nf6 12. Nh3 Bc5 13. Nf4 O-O 14. O-O Bc6 15. d3 Bd6 16. dxe4 Nxe4 17. Bf3 Qc7 18. Bxe4 Bxe4 19. Re1 Bxf4 20. Bxf4 Qxf4 21. g3 Qg4 22. Rf1 Bf3 23. Qd3 Nc6 24. Rfd1 Ne5 25. Rd2 Nxd3 26. Rxd3 Rad8 27. Kf1 Rxd3 28. cxd3 Be2+ 29. Kg2 Bf3+ 30. Kf1 Qh3+ 31. Ke1 Re8+ 32. Kd2 Rd8 33. Kc3 Qc8+ 34. Kd2 Qd7 35. Re1 Qxd3+ 36. Kc1 Rc8# 0-1

[Event "Live Chess"]
[Site "Chess.com"]
[Date "2011.01.29"]
[Round "-"]
[White "hipposcottimus"]
[Black "kasparovtitan"]
[Result "1-0"]
[CurrentPosition "5k2/5N2/4P3/P1R5/7P/8/8/4R1K1 b - -"]
[Timezone "UTC"]
[ECO "B01"]
[ECOUrl "https://www.chess.com/openings/Scandinavian-Defense-Mieses-Kotrc-Variation-3.Nc3-Qe5-4.Be2"]
[UTCDate "2011.01.29"]
[UTCTime "23:32:46"]
[WhiteElo "1613"]
[BlackElo "1576"]
[TimeControl "60"]
[Termination "hipposcottimus won on time"]
[StartTime "23:32:46"]
[EndDate "2011.01.29"]
[EndTime "23:35:03"]
[Link "https://www.chess.com/game/live/92769451"]

1. e4 d5 2. exd5 Qxd5 3. Nc3 Qe5+ 4. Be2 Qd6 5. d4 Nf6 6. Nf3 Nc6 7. O-O Bg4 8. d5 Nb4 9. Nb5 Qd7 10. Ne5 Qd8 11. Bxg4 Nxg4 12. Nxg4 Nxd5 13. c4 c5 14. Qa4 Qd7 15. cxd5 a6 16. Nc7+ Kd8 17. Qxd7+ Kxd7 18. Nxa8 Kc8 19. Nb6+ Kc7 20. Na4 Kd6 21. Nc3 Kc7 22. Bf4+ Kd8 23. Ne5 f6 24. Nf7+ Ke8 25. Nxh8 e5 26. dxe6 Ke7 27. Rfe1 g5 28. Nf7 gxf4 29. g3 fxg3 30. Na4 Bg7 31. fxg3 f5 32. Nxc5 b6 33. Nb7 Bxb2 34. Rad1 Ba3 35. Rd7+ Kf6 36. Nbd6 Bxd6 37. Rxd6 Ke7 38. Rxb6 f4 39. Rxa6 fxg3 40. hxg3 h5 41. a4 h4 42. gxh4 Kf6 43. Rc6 Ke7 44. Rc5 Kf8 45. a5 1-0

[Event "Live Chess"]
[Site "Chess.com"]
[Date "2011.01.29"]
[Round "-"]
[White "kasparovtitan"]
[Black "hipposcottimus"]
[Result "1-0"]
[CurrentPosition "1R2k3/7R/8/8/8/3r3P/6PK/8 b - -"]
[Timezone "UTC"]
[ECO "C65"]
[ECOUrl "https://www.chess.com/openings/Ruy-Lopez-Opening-Berlin-Defense-4.Bxc6-dxc6"]
[UTCDate "2011.01.29"]
[UTCTime "23:29:57"]
[WhiteElo "1584"]
[BlackElo "1605"]
[TimeControl "60"]
[Termination "kasparovtitan won on time"]
[StartTime "23:29:57"]
[EndDate "2011.01.29"]
[EndTime "23:32:05"]
[Link "https://www.chess.com/game/live/92768741"]

1. e4 e5 2. Nf3 Nc6 3. Bb5 Nf6 4. Bxc6 dxc6 5. Nxe5 Nxe4 6. Qe2 Bd6 7. Qxe4 O-O 8. Nf3 Re8 9. Ne5 Rxe5 10. Qxe5 Bxe5 11. Nc3 Qe8 12. O-O Be6 13. d3 f6 14. Bd2 Qd8 15. Rfe1 Qd6 16. f4 Bxf4 17. Bxf4 Qxf4 18. Rxe6 Qd4+ 19. Kh1 Qd7 20. Rae1 Rd8 21. Re7 Qd6 22. R1e6 Qd5 23. Nxd5 cxd5 24. Rxc7 Kf8 25. Rxb7 Kg8 26. Rxa7 h6 27. Ree7 Kh8 28. Rxg7 Rc8 29. Rh7+ Kg8 30. Rag7+ Kf8 31. Rf7+ Kg8 32. Rhg7+ Kh8 33. Rd7 Rxc2 34. h3 Rc1+ 35. Kh2 Rc2 36. Rgf7 Kg8 37. Rxf6 Rxb2 38. Re6 Kf8 39. Rxh6 Ke8 40. Rxd5 Rxa2 41. Rb5 Rd2 42. Rh7 Rxd3 43. Rb8+ 1-0

[Event "Live Chess"]
[Site "Chess.com"]
[Date "2011.01.29"]
[Round "-"]
[White "hipposcottimus"]
[Black "kasparovtitan"]
[Result "1-0"]
[CurrentPosition "1R6/8/8/8/7P/1P2k1P1/8/7K w - -"]
[Timezone "UTC"]
[ECO "C42"]
[ECOUrl "https://www.chess.com/openings/Petrovs-Defense-Urusov-Gambit"]
[UTCDate "2011.01.29"]
[UTCTime "23:27:30"]
[WhiteElo "1614"]
[BlackElo "1575"]
[TimeControl "60"]
[Termination "hipposcottimus won by resignation"]
[StartTime "23:27:30"]
[EndDate "2011.01.29"]
[EndTime "23:29:14"]
[Link "https://www.chess.com/game/live/92768151"]

1. e4 e5 2. Nf3 Nf6 3. Bc4 Qe7 4. d3 Nc6 5. Bg5 d6 6. Nbd2 h6 7. Bh4 g5 8. Nxg5 hxg5 9. Bxg5 Rh5 10. Qxh5 Nxh5 11. Bxe7 Bxe7 12. O-O Nf4 13. g3 Ne2+ 14. Kh1 Ned4 15. c3 Nc2 16. Rac1 Ne3 17. fxe3 Be6 18. d4 Bxc4 19. Nxc4 exd4 20. exd4 O-O-O 21. e5 Na5 22. Nxa5 dxe5 23. dxe5 f6 24. Nc4 fxe5 25. Nxe5 Bd6 26. Nf7 Be7 27. Nd6+ Bxd6 28. Rfd1 c6 29. Rf1 b5 30. Rf6 a6 31. Rd1 Kc7 32. Rf7+ Kb6 33. Rf6 Kc5 34. b4+ Kc4 35. Rfxd6 Rxd6 36. Rxd6 Kxc3 37. Rxc6+ Kxb4 38. Rxa6 Kc3 39. Rb6 b4 40. h4 b3 41. axb3 Kd3 42. Rb8 Ke3 1-0

[Event "Live Chess"]
[Site "Chess.com"]
[Date "2011.01.29"]
[Round "-"]
[White "kasparovtitan"]
[Black "hipposcottimus"]
[Result "1-0"]
[CurrentPosition "8/7k/5Qp1/5p1p/7P/6P1/5P1K/8 b - -"]
[Timezone "UTC"]
[ECO "C65"]
[ECOUrl "https://www.chess.com/openings/Ruy-Lopez-Opening-Berlin-Defense-4.Bxc6-dxc6"]
[UTCDate "2011.01.29"]
[UTCTime "23:24:26"]
[WhiteElo "1582"]
[BlackElo "1607"]
[TimeControl "60"]
[Termination "kasparovtitan won on time"]
[StartTime "23:24:26"]
[EndDate "2011.01.29"]
[EndTime "23:26:50"]
[Link "https://www.chess.com/game/live/92767537"]

1. e4 e5 2. Nf3 Nc6 3. Bb5 Nf6 4. Bxc6 dxc6 5. Nxe5 Nxe4 6. Qe2 Ng5 7. Nxc6+ Qe7 8. Nxe7 Bxe7 9. d3 Be6 10. Bxg5 Bxg5 11. O-O Bf6 12. Nc3 O-O 13. Qd2 Rad8 14. b3 Bd5 15. Rad1 Bxc3 16. Qxc3 c6 17. d4 b6 18. Qb4 a6 19. Qxb6 Rb8 20. Qxa6 Rbe8 21. Rde1 f6 22. Rxe8 Rxe8 23. Qa5 Re4 24. Qc5 Kf7 25. g3 Kg6 26. h4 Re2 27. Kh2 Rxc2 28. Qb6 Rxa2 29. b4 Rb2 30. Rd1 Rb3 31. Rc1 Rd3 32. Rxc6 Bxc6 33. Qxc6 Rxd4 34. b5 Rb4 35. b6 Rb2 36. b7 Rb1 37. Qd7 Rb5 38. Qc7 Rc5 39. Qb8 Rb5 40. Qa7 Rb4 41. b8=Q Rxb8 42. Qxb8 h6 43. Qf4 Kh7 44. Qf5+ g6 45. Qc8 h5 46. Qd7+ Kh6 47. Qe7 f5 48. Qf8+ Kh7 49. Qf7+ Kh8 50. Qf8+ Kh7 51. Qf6 1-0

[Event "Live Chess"]
[Site "Chess.com"]
[Date "2011.01.29"]
[Round "-"]
[White "hipposcottimus"]
[Black "PeaceChess"]
[Result "0-1"]
[CurrentPosition "2b2rk1/1p4pp/2p1p3/p2pP3/1q6/Q7/5PPP/5R1K w - -"]
[Timezone "UTC"]
[ECO "C00"]
[ECOUrl "https://www.chess.com/openings/French-Defense-Normal-Variation"]
[UTCDate "2011.01.29"]
[UTCTime "23:06:00"]
[WhiteElo "1616"]
[BlackElo "1341"]
[TimeControl "60"]
[Termination "PeaceChess won on time"]
[StartTime "23:06:00"]
[EndDate "2011.01.29"]
[EndTime "23:07:45"]
[Link "https://www.chess.com/game/live/92762877"]

1. d4 e6 2. e4 d5 3. e5 f6 4. Nf3 fxe5 5. dxe5 Ne7 6. c3 Ng6 7. Qe2 Be7 8. Nbd2 O-O 9. Nb3 Nd7 10. Bf4 Nc5 11. Bg3 Nxb3 12. axb3 a6 13. Rd1 c6 14. Qe3 Qb6 15. Be2 Qxb3 16. O-O Qxb2 17. Rd2 Qa3 18. Ng5 Bxg5 19. Qxg5 Qc5 20. Bf4 Nxf4 21. Rd4 Nxe2+ 22. Kh1 Nf4 23. Rxf4 Rxf4 24. Qxf4 Bd7 25. Qg4 Rf8 26. Qg5 Qxc3 27. Qe7 Bc8 28. Qd6 a5 29. Qa3 Qb4 0-1

[Event "Live Chess"]
[Site "Chess.com"]
[Date "2011.01.29"]
[Round "-"]
[White "PeaceChess"]
[Black "hipposcottimus"]
[Result "0-1"]
[CurrentPosition "r6k/pp2N1pp/3p4/8/6bn/8/Pq4P1/R4RK1 w - -"]
[Timezone "UTC"]
[ECO "A00"]
[ECOUrl "https://www.chess.com/openings/Van-Geet-Opening-Reversed-Nimzowitsch-Variation-2.d4"]
[UTCDate "2011.01.29"]
[UTCTime "22:51:41"]
[WhiteElo "1285"]
[BlackElo "1629"]
[TimeControl "60"]
[Termination "hipposcottimus won on time"]
[StartTime "22:51:41"]
[EndDate "2011.01.29"]
[EndTime "22:53:49"]
[Link "https://www.chess.com/game/live/92759268"]

1. d4 e5 2. Nc3 exd4 3. Qxd4 f6 4. Bf4 d6 5. e4 Nd7 6. Bc4 c5 7. Qd5 Qe7 8. Nb5 Nb6 9. Nc7+ Qxc7 10. Qd3 Ne7 11. Bb3 c4 12. Bxc4 Nxc4 13. Qg3 Ne5 14. Ne2 N7g6 15. Be3 Be7 16. O-O Qxc2 17. Nc3 Qxb2 18. Nd5 O-O 19. h4 Be6 20. h5 f5 21. hxg6 Nxg6 22. exf5 Bh4 23. Qg5 Rxf5 24. Qg4 Rxf2 25. Bxf2 Bxg4 26. Bxh4 Nxh4 27. Ne7+ Kh8 0-1

[Event "Live Chess"]
[Site "Chess.com"]
[Date "2011.01.29"]
[Round "-"]
[White "hipposcottimus"]
[Black "PeaceChess"]
[Result "0-1"]
[CurrentPosition "4r3/1p1k1r2/p2p1p2/4n1p1/4Q3/8/PPP3PP/4R1K1 w - -"]
[Timezone "UTC"]
[ECO "C43"]
[ECOUrl "https://www.chess.com/openings/Petrovs-Defense-Steinitz-Attack-3...exd4-4.e5"]
[UTCDate "2011.01.29"]
[UTCTime "22:49:03"]
[WhiteElo "1627"]
[BlackElo "1287"]
[TimeControl "60"]
[Termination "PeaceChess won on time"]
[StartTime "22:49:03"]
[EndDate "2011.01.29"]
[EndTime "22:51:13"]
[Link "https://www.chess.com/game/live/92758636"]

1. e4 e5 2. Nf3 Nf6 3. d4 exd4 4. e5 d6 5. exf6 Qxf6 6. Nxd4 Be7 7. Be2 O-O 8. O-O Qg6 9. f4 Nd7 10. f5 Qf6 11. Nb5 Bd8 12. N1c3 a6 13. Nd5 Qh4 14. Rf4 Qh6 15. Nbxc7 Bxc7 16. Nxc7 Rb8 17. Nd5 Ne5 18. Ne7+ Kh8 19. Rg4 Qf6 20. Nxc8 Rbxc8 21. Bg5 Qxf5 22. Rg3 h6 23. Bd3 Qxg5 24. Rxg5 hxg5 25. Qe1 f6 26. Qg3 Kg8 27. Qh3 Kf7 28. Qh5+ Ke7 29. Qh7 Nxd3 30. Qxg7+ Rf7 31. Qg6 Ne5 32. Re1 Re8 33. Qe4 Kd7 0-1

[Event "Live Chess"]
[Site "Chess.com"]
[Date "2011.01.29"]
[Round "-"]
[White "PeaceChess"]
[Black "hipposcottimus"]
[Result "1/2-1/2"]
[CurrentPosition "8/4N3/8/8/8/4R1P1/1k3P1P/4Q1K1 w - -"]
[Timezone "UTC"]
[ECO "C21"]
[ECOUrl "https://www.chess.com/openings/Center-Game-Accepted-Kieseritzky-Variation-3...c5"]
[UTCDate "2011.01.29"]
[UTCTime "22:46:22"]
[WhiteElo "1272"]
[BlackElo "1640"]
[TimeControl "60"]
[Termination "Game drawn by insufficient material"]
[StartTime "22:46:22"]
[EndDate "2011.01.29"]
[EndTime "22:48:39"]
[Link "https://www.chess.com/game/live/92757882"]

1. e4 e5 2. d4 exd4 3. Nf3 c5 4. c3 d6 5. cxd4 Bg4 6. dxc5 Qa5+ 7. Nc3 Qxc5 8. Be2 Bxf3 9. Bxf3 Be7 10. O-O Nf6 11. Be3 Qe5 12. g3 Nc6 13. Bf4 Qe6 14. Nb5 Rc8 15. e5 dxe5 16. Bxc6+ Nd7 17. Bxd7+ Qxd7 18. Qxd7+ Kxd7 19. Bxe5 Ke8 20. Bxg7 Rg8 21. Be5 Rg6 22. Nxa7 Kf8 23. Bf4 Ra8 24. Nb5 Kg8 25. Nc7 Bc5 26. Nxa8 Bd6 27. Bxd6 Rxd6 28. Nc7 Rc6 29. Nb5 Rc5 30. Nc3 Rd5 31. a4 Re5 32. a5 Rg5 33. a6 bxa6 34. Rxa6 Rg7 35. Rb1 h6 36. b4 Kh7 37. b5 Rg6 38. b6 Rf6 39. b7 Rxa6 40. b8=Q Ra1 41. Qb3 Kg7 42. Rxa1 f6 43. Ra4 Kg6 44. Rh4 f5 45. Qa4 Kg5 46. Qf4+ Kf6 47. Nd5+ Ke6 48. Rh5 Kd7 49. Rxf5 Kc6 50. Qxh6+ Kb5 51. Qe6 Kc4 52. Ne7+ Kc3 53. Rf3+ Kc2 54. Qe2+ Kb1 55. Re3 Kc1 56. Qe1+ Kb2 1/2-1/2

[Event "Live Chess"]
[Site "Chess.com"]
[Date "2011.01.29"]
[Round "-"]
[White "hipposcottimus"]
[Black "PeaceChess"]
[Result "1-0"]
[CurrentPosition "8/p7/1N4k1/5p1p/8/1P6/P5PP/5R1K b - -"]
[Timezone "UTC"]
[ECO "C41"]
[ECOUrl "https://www.chess.com/openings/Philidor-Defense-Exchange-Variation"]
[UTCDate "2011.01.29"]
[UTCTime "22:43:31"]
[WhiteElo "1646"]
[BlackElo "1266"]
[TimeControl "60"]
[Termination "hipposcottimus won by resignation"]
[StartTime "22:43:31"]
[EndDate "2011.01.29"]
[EndTime "22:45:40"]
[Link "https://www.chess.com/game/live/92757196"]

1. e4 e5 2. d4 exd4 3. Nf3 d6 4. c3 dxc3 5. Nxc3 Nf6 6. Be2 Be7 7. O-O O-O 8. Bg5 Bg4 9. e5 dxe5 10. Nxe5 Bxe2 11. Qxe2 Bd6 12. Bxf6 Qxf6 13. Ng4 Qg6 14. f3 Nc6 15. Ne4 Rae8 16. Qb5 Bf4 17. Qxb7 Ne5 18. Qxc7 Rc8 19. Qd6 Rfd8 20. Qxg6 Nxg6 21. Rae1 Bc7 22. b3 Bb6+ 23. Kh1 h6 24. f4 h5 25. Ne5 Nxe5 26. fxe5 Re8 27. Ng5 f6 28. exf6 Rxe1 29. Rxe1 gxf6 30. Ne4 f5 31. Ng5 Rf8 32. Rf1 Rf6 33. Nf3 Kg7 34. Ne5 Kh7 35. Nd7 Kh6 36. Nxf6 Kg5 37. Nd7 Kg6 38. Nxb6 1-0

[Event "Live Chess"]
[Site "Chess.com"]
[Date "2011.01.29"]
[Round "-"]
[White "PeaceChess"]
[Black "hipposcottimus"]
[Result "1-0"]
[CurrentPosition "8/8/8/3BbK2/3kP3/8/8/8 b - -"]
[Timezone "UTC"]
[ECO "C21"]
[ECOUrl "https://www.chess.com/openings/Center-Game-Accepted-Kieseritzky-Variation-3...c5"]
[UTCDate "2011.01.29"]
[UTCTime "22:40:21"]
[WhiteElo "1268"]
[BlackElo "1644"]
[TimeControl "60"]
[Termination "PeaceChess won on time"]
[StartTime "22:40:21"]
[EndDate "2011.01.29"]
[EndTime "22:42:52"]
[Link "https://www.chess.com/game/live/92756281"]

1. e4 e5 2. d4 exd4 3. Nf3 c5 4. c3 d6 5. cxd4 Bg4 6. dxc5 Bxf3 7. gxf3 dxc5 8. Qxd8+ Kxd8 9. Bc4 Nd7 10. Bxf7 Ngf6 11. Bb3 Kc7 12. Nc3 Rd8 13. Be3 Kb8 14. O-O-O Rc8 15. Nd5 Ka8 16. Nxf6 Nxf6 17. Kb1 c4 18. Bc2 Bb4 19. Bg5 c3 20. b3 Nh5 21. Rd3 Nf6 22. Bxf6 gxf6 23. Rg1 Rhd8 24. Rxd8 Rxd8 25. Rd1 Rd2 26. Rxd2 cxd2 27. Bd1 a6 28. Kb2 b5 29. a3 Bc5 30. Kc2 Bxf2 31. Kxd2 Kb7 32. Kd3 Bh4 33. b4 Bg5 34. Kd4 Kb6 35. Kd5 a5 36. bxa5+ Kxa5 37. Ke6 b4 38. axb4+ Kxb4 39. Kf7 Kc4 40. Kg7 h5 41. Kg6 h4 42. f4 Bxf4 43. Kxf6 Bxh2 44. Kf5 h3 45. Bg4 Kd4 46. Bxh3 Ke3 47. Bg4 Kd4 48. Bh5 Be5 49. Bg6 Bd6 50. Bf7 Be5 51. Bd5 Bd6 52. Bf7 Be5 53. Bd5 Bd6 54. Bf7 Be5 55. Bd5 Bd6 56. Bf7 Be5 57. Bd5 Bd6 58. Bf7 Be5 59. Bd5 Bd6 60. Bf7 Be5 61. Bd5 Bd6 62. Bf7 Be5 63. Bd5 1-0

[Event "Live Chess"]
[Site "Chess.com"]
[Date "2011.01.29"]
[Round "-"]
[White "hipposcottimus"]
[Black "PeaceChess"]
[Result "0-1"]
[CurrentPosition "2k4r/pp4p1/b1pb3p/8/Q1P5/6R1/PP1q1P1P/K3R3 w - -"]
[Timezone "UTC"]
[ECO "C42"]
[ECOUrl "https://www.chess.com/openings/Petrovs-Defense-Urusov-Gambit"]
[UTCDate "2011.01.29"]
[UTCTime "22:37:28"]
[WhiteElo "1658"]
[BlackElo "1252"]
[TimeControl "60"]
[Termination "PeaceChess won on time"]
[StartTime "22:37:28"]
[EndDate "2011.01.29"]
[EndTime "22:39:26"]
[Link "https://www.chess.com/game/live/92755683"]

1. e4 e5 2. Nf3 Nf6 3. Bc4 d6 4. d4 Be6 5. dxe5 Bxc4 6. exf6 Qxf6 7. Bg5 Qg6 8. Nbd2 Ba6 9. c4 h6 10. Bh4 Qxg2 11. Rg1 Qh3 12. Rg3 Qe6 13. Qa4+ c6 14. O-O-O Nd7 15. Kb1 Nf6 16. Bxf6 Qxf6 17. e5 Qe6 18. Ne4 O-O-O 19. exd6 Qxe4+ 20. Ka1 Rxd6 21. Re1 Qd3 22. Ne5 Qd4 23. Nxf7 Qd2 24. Nxd6+ Bxd6 0-1

[Event "Live Chess"]
[Site "Chess.com"]
[Date "2011.01.29"]
[Round "-"]
[White "hipposcottimus"]
[Black "polygonmon"]
[Result "0-1"]
[CurrentPosition "8/2k5/pp2p1p1/8/2P1Pbp1/1P4PP/P7/5K2 w - -"]
[Timezone "UTC"]
[ECO "B20"]
[ECOUrl "https://www.chess.com/openings/Sicilian-Defense"]
[UTCDate "2011.01.29"]
[UTCTime "22:34:43"]
[WhiteElo "1672"]
[BlackElo "1677"]
[TimeControl "60"]
[Termination "polygonmon won on time"]
[StartTime "22:34:43"]
[EndDate "2011.01.29"]
[EndTime "22:37:01"]
[Link "https://www.chess.com/game/live/92754974"]

1. e4 c5 2. Bb5 a6 3. Be2 Nc6 4. c4 e6 5. d3 Nf6 6. Nc3 d6 7. f4 Nd4 8. Nf3 Be7 9. Nxd4 cxd4 10. e5 dxe5 11. fxe5 Nd7 12. Ne4 Nxe5 13. O-O b6 14. Bh5 Bb7 15. Bf4 Bd6 16. Bxe5 Bxe5 17. Bxf7+ Ke7 18. Bh5 Bxe4 19. dxe4 d3 20. Qg4 Bd4+ 21. Kh1 Rg8 22. Qh4+ Kd6 23. Qf4+ Be5 24. Qe3 Rf8 25. Rad1 Rxf1+ 26. Rxf1 Kc7 27. Rd1 Qd6 28. Rxd3 Qc5 29. b3 Qxe3 30. Rxe3 Rd8 31. h3 Rd1+ 32. Bxd1 Bd4 33. Bg4 Bxe3 34. Kh2 Bf4+ 35. Kg1 g6 36. Kf1 h5 37. g3 hxg4 0-1

[Event "Live Chess"]
[Site "Chess.com"]
[Date "2011.01.29"]
[Round "-"]
[White "ihaterodrigo"]
[Black "hipposcottimus"]
[Result "0-1"]
[CurrentPosition "3k4/1pp4p/5qp1/8/8/4P3/P3K1NP/8 w - -"]
[Timezone "UTC"]
[ECO "A06"]
[ECOUrl "https://www.chess.com/openings/Reti-Opening-Reversed-Mexican-Defense"]
[UTCDate "2011.01.29"]
[UTCTime "22:32:15"]
[WhiteElo "1601"]
[BlackElo "1680"]
[TimeControl "60"]
[Termination "hipposcottimus won on time"]
[StartTime "22:32:15"]
[EndDate "2011.01.29"]
[EndTime "22:34:22"]
[Link "https://www.chess.com/game/live/92754096"]

1. Nc3 d5 2. Nf3 d4 3. Ne4 f5 4. Ng3 Nc6 5. d3 f4 6. Nh5 Bg4 7. Nxf4 Bxf3 8. gxf3 Nf6 9. Ng2 e5 10. e3 Qe7 11. exd4 exd4+ 12. Be2 O-O-O 13. c3 Ne5 14. cxd4 Nxf3+ 15. Kf1 Nxd4 16. Be3 g6 17. Qa4 Nxe2 18. Kxe2 Ng4 19. Kf1 Nxe3+ 20. fxe3 Rxd3 21. Qxa7 Qf6+ 22. Ke2 Rd8 23. Rad1 Qxb2+ 24. Kf3 Qf6+ 25. Ke2 Bd6 26. Qa8+ Kd7 27. Qxd8+ Rxd8 28. Rxd6+ Kxd6 29. Rd1+ Ke7 30. Rxd8 Kxd8 0-1

[Event "Live Chess"]
[Site "Chess.com"]
[Date "2011.01.29"]
[Round "-"]
[White "hipposcottimus"]
[Black "Vengance09"]
[Result "1-0"]
[CurrentPosition "6k1/7p/2p3p1/2P5/2bP1P2/R7/6PP/6K1 b - -"]
[Timezone "UTC"]
[ECO "B12"]
[ECOUrl "https://www.chess.com/openings/Caro-Kann-Defense-Advance-Variation-3...Bf5"]
[UTCDate "2011.01.29"]
[UTCTime "22:29:33"]
[WhiteElo "1674"]
[BlackElo "1600"]
[TimeControl "60"]
[Termination "hipposcottimus won by resignation"]
[StartTime "22:29:33"]
[EndDate "2011.01.29"]
[EndTime "22:31:19"]
[Link "https://www.chess.com/game/live/92753537"]

1. e4 c6 2. d4 d5 3. e5 Bf5 4. f4 e6 5. c4 Bb4+ 6. Bd2 Qb6 7. Nc3 Nd7 8. Nf3 a5 9. c5 Qc7 10. Be2 a4 11. O-O a3 12. bxa3 Bxa3 13. Ng5 f6 14. Bh5+ g6 15. Nxe6 Bxe6 16. Bf3 Ne7 17. Be1 f5 18. Bh4 O-O 19. Bf6 Rxf6 20. exf6 Nxf6 21. Re1 Ne4 22. Bxe4 dxe4 23. Nxe4 fxe4 24. Rxe4 Bf5 25. Re5 Re8 26. Qe1 Qa5 27. Rxe7 Qxe1+ 28. Raxe1 Rxe7 29. Rxe7 Bb1 30. Rxb7 Bxa2 31. Ra7 Bc4 32. Rxa3 1-0

[Event "Live Chess"]
[Site "Chess.com"]
[Date "2011.01.29"]
[Round "-"]
[White "invidi0us"]
[Black "hipposcottimus"]
[Result "0-1"]
[CurrentPosition "7k/pp4p1/2p2r1p/5b2/5N2/5KP1/PP1r3P/6R1 w - -"]
[Timezone "UTC"]
[ECO "A00"]
[ECOUrl "https://www.chess.com/openings/Kings-Fianchetto-Opening-1...e5-2.Bg2-d5-3.d3"]
[UTCDate "2011.01.29"]
[UTCTime "22:27:11"]
[WhiteElo "1419"]
[BlackElo "1667"]
[TimeControl "60"]
[Termination "hipposcottimus won on time"]
[StartTime "22:27:11"]
[EndDate "2011.01.29"]
[EndTime "22:29:07"]
[Link "https://www.chess.com/game/live/92752923"]

1. g3 e5 2. Bg2 d5 3. d3 d4 4. f4 f5 5. fxe5 Qe7 6. Nf3 Nc6 7. c3 Nxe5 8. Nxe5 Qxe5 9. O-O dxc3 10. Bf4 Bc5+ 11. e3 Bxe3+ 12. Bxe3 Qxe3+ 13. Kh1 Ne7 14. Nxc3 O-O 15. Qh5 Ng6 16. Bd5+ Kh8 17. Rxf5 c6 18. Bf7 Bxf5 19. Bxg6 Bxg6 20. Rg1 Qf3+ 21. Qxf3 Rxf3 22. Ne4 Rxd3 23. Ng5 Rad8 24. Kg2 h6 25. Ne6 Be4+ 26. Kh3 R8d6 27. Nf4 Bf5+ 28. Kg2 Rd2+ 29. Kf3 Rf6 0-1